cohdb
Replays
Latest Replays
All Replays
Popular Replays
Top Player Replays
Match Explorer
How It Works
Community
CoH3 Stats
Reddit
Sign in to upload your games and track your stats! →
Sign in with Steam
Match 41663872
Unlisted
Match 41663872
Overview
Messages
Build Orders
End
Panzergrenadier Squad
Selects Panzerjäger Kommand Battlegroup
Selects Mine Fields
Construct Light Support Kompanie
2.5-tonne Medical Truck
Selects GrB 39 Grenade Launcher Requisition
250 Light Carrier
250 Light Carrier
Assault Mechanized Group
Construct Mechanized Kompanie
Selects Defensive Positions
Selects Butterfly Bomb Drop
8 Rad Armored Car
Panzerjäger Mechanized Group
Panzerjäger Squad
Panzerjäger Squad
Butterfly Bomb Drop
Selects Crew Shock Tactics
Support Armor Elements
Artéïs
nekopoipoi
سَۨفُـيٰانۨوٰس
mohamedkerdaoui
0
0
Comments
sign in to comment!
No comments posted yet!